 Dungeon Crawl Stone Soup version 0.28.0 (webtiles) character file.

Game seed: 744097462186536218

201 Arctor the Grave Robber (level 5, -6/37 HPs)
             Began as a Vampire Necromancer on Feb 17, 2022.
             Killed by divine providence
             ... invoked by an orc priest
              (11 damage)
             ... on level 3 of the Dungeon.
             The game lasted 00:01:50 (1343 turns).

Arctor the Grave Robber (Vampire Necromancer)       Turns: 1343, Time: 00:01:51

Health: -6/37      AC:  2    Str:  7    XL:     5   Next: 50%
Magic:  2/2        EV: 13    Int: 19    God:
Gold:   83         SH:  0    Dex: 15    Spells: 7/8 levels left

rFire   . . .      SeeInvis +   c - +1 short sword (antimagic)
rCold   . . .      Faith    .   (no shield)
rNeg    . . .      Spirit   .   a - +0 robe
rPois   .          Reflect  .   (no helmet)
rElec   .          Harm     .   (no cloak)
rCorr   .          Rampage  .   (no gloves)
Will    .....                   (no boots)
Stlth   +++.......              (no amulet)
HPRegen 0.32/turn               (no ring)
MPRegen 0.08/turn               (no ring)

@: healing quickly
A: alive, fangs 3, see invisible, vampiric 2
a: Exsanguinate


You were on level 3 of the Dungeon.
You visited 1 branch of the dungeon, and saw 3 of its levels.

You collected 83 gold pieces.

Inventory:

Hand Weapons
 c - a +1 antimagic short sword (weapon)
Armour
 a - a +0 robe (worn)
Wands
 i - a wand of mindburst (13)
Scrolls
 b - 3 scrolls of amnesia {unknown}
 d - 2 scrolls of identify {unknown}
 e - a scroll of fear {unknown}
 h - a scroll of enchant armour {unknown}
Potions
 f - 2 potions of attraction {unknown}
 g - a potion of degeneration {unknown}


   Skills:
 + Level 1.2 Fighting
 + Level 3.3 Short Blades
 + Level 2.7 Dodging
 + Level 5.0 Stealth
 + Level 2.3 Spellcasting
 + Level 5.0 Necromancy


You had 7 spell levels left.
You knew the following spells:

 Your Spells              Type           Power      Damage    Failure   Level
a - Pain                  Necr           84%        1d8       1%          1

Your spell library contained the following spells:

 Spells                   Type           Power      Damage    Failure   Level
 Animate Skeleton         Necr           42%        N/A       1%          1
 Vampiric Draining        Necr           21%        2d7       6%          3
 Animate Dead             Necr           10%        N/A       21%         4
 Gell's Gravitas          Tloc           2%         N/A       45%         3
 Ignite Poison            Fire/Tmut/Pois 2%         N/A       45%         3
 Mephitic Cloud           Conj/Pois/Air  2%         N/A       45%         3
 Teleport Other           Tloc           2%         N/A       45%         3
 Agony                    Necr           21%        N/A       50%         5
 Passage of Golubria      Tloc           2%         N/A       86%         4
 Freezing Cloud           Conj/Ice/Air   1%         6-21      99%         5
 Silence                  Hex/Air        1%         N/A       99%         5
 Dispersal                Tloc           1%         N/A       100%        6
 Lehudib's Crystal Spear  Conj/Erth      1%         10d2      100%        8


Dungeon Overview and Level Annotations

Branches:
Dungeon (3/15)

Altars:

Shops:
D:2 =(*=*   D:3 ?


Innate Abilities, Weirdness & Mutations

Your natural rate of healing is accelerated.
You have razor-sharp teeth.
You have supernaturally acute eyesight. (SInv)
You are afflicted with vampirism and can become a bat while bloodless.


Message History

A goblin comes into view. It is wielding a +0 club.
A goblin is nearby!
The goblin shouts!
You hear a shout! x2
An orc priest comes into view. It is wielding a +0 short sword.
A rat comes into view.
You hit the goblin.
You kill the goblin!
Things that are here:
a +0 club; a goblin corpse An orc comes into view.
It is wielding a +0 trident.
There are monsters nearby!
The orc priest hits you with a +0 short sword.
You hit the orc priest but do no damage.
The orc priest hits you with a +0 short sword.
An orc comes into view. It is wielding a +0 trident.
You hit the orc priest but do no damage.
The orc priest hits you with a +0 short sword.
You closely miss the orc priest.
The orc priest hits you with a +0 short sword.
You barely miss the orc priest.
The orc priest calls down the wrath of Beogh upon you.
Beogh smites you!
* * * LOW HITPOINT WARNING * * *
An adder comes into view.
The adder hisses angrily.
You are too injured to fight recklessly!
You hit the orc priest but do no damage.
Your bite misses the orc priest. The orc priest barely misses you.
You hit the orc priest.
The orc priest is lightly wounded.
The orc priest hits you but does no damage.
The orc hits you from afar with a +0 trident!
* * * LOW HITPOINT WARNING * * *
The orc priest casts a cantrip, but nothing happens.
Things that are here:
a +0 club; a goblin corpse The orc priest begins to cast a cantrip, but forgets the words!
The orc priest invokes the aid of Beogh against you.
Beogh smites you!
You die...

...................
.........o.o......#
.#.#.####..#.##########.
#.#.....o..............
. #.##.#r#...#.#######.
.##.#.o#.#..#####
.........∩.........
........#.#..######
.......#.@.#.#
.............#
#...........##
##......#.#.#####
.......<........
#......#.#.#####
#......#.....
#......###.### .......
.#


You could see an orc priest, 2 orcs and a rat.

Vanquished Creatures
  A necrophage (D:2)
  Jessica (D:2)
  6 adders (D:2)
  2 dart slugs
  2 endoplasms
  2 giant cockroaches
  4 goblins
  3 hobgoblins
  4 jackals (D:1)
  3 kobolds
  A quokka (D:1)
  2 bats
  2 rats
33 creatures vanquished.

Notes
Turn   | Place    | Note
-------+----------+-------------------------------------------
     0 | D:1      | Arctor the Vampire Necromancer began the quest for the Orb.
     0 | D:1      | Reached XP level 1. HP: 13/13 MP: 3/3
    95 | D:1      | Found a faded altar of an unknown god.
   141 | D:1      | Reached XP level 2. HP: 16/19 MP: 1/5
   616 | D:2      | Found Sicem's Assorted Antiques.
   655 | D:2      | Gained mutation: You are afflicted with vampirism and can
                  | become a bat while bloodless. [Vampire growth]
   655 | D:2      | Reached XP level 3. HP: 21/24 MP: 2/6
   664 | D:2      | Found Henoexusm's Assorted Antiques.
   668 | D:2      | Found Regedd's Jewellery Shoppe.
   700 | D:2      | Reached skill level 1 in Short Blades
   816 | D:2      | Noticed Jessica
   823 | D:2      | Killed Jessica
   824 | D:2      | Reached skill level 5 in Necromancy
   824 | D:2      | Reached XP level 4. HP: 31/31 MP: 2/7
   874 | D:2      | Found Keonavis's Jewellery Boutique.
   890 | D:2      | Found Iweemo Bibe's Antique Weapon Shop.
   949 | D:2      | Noticed a necrophage
   966 | D:2      | Killed a necrophage
   967 | D:2      | Reached skill level 1 in Fighting
   967 | D:2      | Reached XP level 5. HP: 17/37 MP: 2/8
  1176 | D:2      | Reached skill level 5 in Stealth
  1304 | D:3      | Found Vuexeofe's Magic Scroll Boutique.
  1332 | D:3      | HP: 1/37 [orc (9)]
  1343 | D:3      | Killed from afar by an orc priest

Illustrated notes

Levels and vault maps discovered:
D:1:      grunt_arrival_lava_bath, layout_basic,
          hellmonk_ecumenical_altar_dog_temple, minmay_misc_feat_alley
D:2:      layout_basic, serial_shops,
          nicolae_shop_temple_entry_statues_fountains, shop, nicolae_shop_trees,
          shop, nicolae_shop_hallway_plus, minmay_fountain_box, minmay_between,
          uniq_jessica
D:3:      layout_basic, overflow_temple_1_default,
          chequers_temple_overflow_statue_of_worship, serial_shops,
          nicolae_shop_trees, nicolae_shop_advertising_works
          [nicolae_subvault_shop_adworks], nicolae_shop_hallway_plus,
          nicolae_shop_behind_doors, portal_sewer_entry_d

Skill      XL: |  1  2  3  4  5 |
---------------+----------------+-----
Short Blades   | 1 2 3 |  3.3
Stealth        | 4 5 |  5.0
Necromancy     | 5 |  5.0
Fighting       | 1 |  1.2
Dodging        | |  2.7
Spellcasting   | |  2.3

Action                   |  1- 3 |  4- 6 || total
-------------------------+-------+-------++-------
Melee: Short sword       |    48 |    52 ||   100
       Bite              |     7 |     3 ||    10
       Punch             |     2 |     1 ||     3
 Cast: Pain              |     3 |       ||     3
 Stab: Sleeping          |     7 |     2 ||     9
Armor: Robe              |     7 |     5 ||    12
Dodge: Dodged            |    25 |    25 ||    50
